 Dungeon Crawl Stone Soup version 0.23-a0-636-g0ff6057 (webtiles) character file.

74 Lanoc the Sneak (level 4, -9/42 HPs)
             Began as a Naga Monk on Dec 29, 2018.
             Was a Believer of Cheibriados.
             Splashed by a jelly's acid (10 damage)
             ... on level 3 of the Dungeon.
             The game lasted 00:05:36 (1896 turns).

Lanoc the Sneak (Naga Monk)                         Turns: 1896, Time: 00:05:38

Health: -9/42      AC:  0    Str: 19    XL:     4   Next: 30%
Magic:  4/4        EV: 11    Int: 15    God:    Cheibriados [**....]
Gold:   99         SH:  0    Dex: 19    Spells: 3/3 levels left

rFire    . . .     SeeInvis +   a - +0 falchion
rCold    . . .     Gourm    .   (no shield)
rNeg     . . .     Faith    .   b - +0 robe
rPois    +         Spirit   .   i - +0 helmet (curse)
rElec    .         Reflect  .   (no cloak)
rCorr    .         Harm     .   (no gloves)
MR       .....                  (no barding)
Stlth    +++.......             (no amulet)
HPRegen  0.14/turn              (no ring)
MPRegen  0.09/turn              (no ring)

@: corroded, very slow
A: large, see invisible, deformed body, poison resistance, slowness 2, slow
metabolism 1, spit poison 1, AC +1
a: Spit Poison, Bend Time, Renounce Religion


You were on level 3 of the Dungeon.
You worshipped Cheibriados.
Cheibriados was pleased with you.
You were not hungry.

You visited 1 branch of the dungeon, and saw 3 of its levels.

You collected 99 gold pieces.

Inventory:

Hand Weapons
 a - a +0 falchion (weapon)
 l - a +1 rapier of flaming
 q - a +4 dagger
Armour
 b - a +0 robe (worn)
 i - a cursed +0 helmet (worn)
Jewellery
 h - an uncursed amulet of the gourmand {unknown}
Scrolls
 d - 3 scrolls of teleportation {unknown}
 e - a scroll of fear {unknown}
 m - a scroll of enchant armour {unknown}
 n - a scroll of remove curse {unknown}
 p - a scroll of identify {unknown}
Potions
 f - a potion of flight {unknown}
 g - 2 potions of curing {unknown}
 j - a potion of mutation {unknown}
 o - 2 potions of haste {unknown}
Comestibles
 c - 5 rations
 k - 4 chunks of flesh


   Skills:
 + Level 3.4 Fighting
 * Level 3.7 Long Blades
 + Level 2.7 Dodging
 * Level 4.8 Stealth


You had 3 spell levels left.
You didn't know any spells.
Your spell library was empty.

Dungeon Overview and Level Annotations

Branches:
Dungeon (3/15)

Altars:
Ashenzari
Cheibriados
Elyvilon
Gozag
Qazlal
Xom


Innate Abilities, Weirdness & Mutations

You cannot wear boots.
Your serpentine skin is tough. (AC +1)
You have supernaturally acute eyesight. (SInv)
Armour fits poorly on your strangely shaped body.
Your system is resistant to poisons. (rPois)
You cover ground very slowly.
You have a slow metabolism.
You can spit poison.


Message History

* * * LOW HITPOINT WARNING * * *
The jelly is severely wounded.
The jelly closely misses you.
You hit the jelly but do no damage.
Your hands burn!
* * * LOW HITPOINT WARNING * * *
The jelly is severely wounded.
The jelly barely misses you.
You riposte.
You hit the jelly.
The jelly is almost dead.
You hit the jelly but do no damage.
Your hands burn!
* * * LOW HITPOINT WARNING * * *
The jelly is almost dead.
The jelly misses you.
You hit the jelly.
Your hands burn!
* * * LOW HITPOINT WARNING * * *
The jelly is almost dead.
You have got your breath back.
The jelly hits you.
* * * LOW HITPOINT WARNING * * *
You are splashed with acid!
The acid burns!
You die...

####...
#.....#
#.##.<#
#.##.##
#.#..#
###..!##
#....##
#.##.#
#. #@# #
#J# #..
#..#
....
.....
....#
.#####


You could see a jelly.

Vanquished Creatures
  A worm (D:2)
  A dart slug (D:1)
  3 leopard geckos
  11 giant cockroaches
  11 goblins
  6 hobgoblins
  4 jackals (D:3)
  4 kobolds
  2 quokkas (D:2)
  5 bats (D:1)
  2 frilled lizards
  4 rats
54 creatures vanquished.

Notes
Turn   | Place    | Note
-------+----------+-------------------------------------------
     0 | D:1      | Lanoc the Naga Monk began the quest for the Orb.
     0 | D:1      | Reached XP level 1. HP: 21/21 MP: 1/1
   124 | D:1      | Reached XP level 2. HP: 18/28 MP: 2/2
   711 | D:1      | Reached skill level 4 in Stealth
   711 | D:1      | Reached XP level 3. HP: 31/34 MP: 3/3
  1557 | D:2      | Found a white marble altar of Elyvilon.
  1569 | D:2      | Found an opulent altar of Gozag.
  1570 | D:2      | Found a stormy altar of Qazlal.
  1570 | D:2      | Found a shattered altar of Ashenzari.
  1570 | D:2      | Found a snail-covered altar of Cheibriados.
  1584 | D:2      | Found a shimmering altar of Xom.
  1587 | D:2      | Became a worshipper of Cheibriados the Contemplative
  1587 | D:2      | Reached * piety under Cheibriados
  1587 | D:2      | Reached ** piety under Cheibriados
  1793 | D:2      | Reached XP level 4. HP: 41/42 MP: 4/4
  1896 | D:3      | HP: 1/42 [jelly (2)]
  1896 | D:3      | Splashed by a jelly's acid

Vault maps used:
D:1:      psy_arrival_terrarium, roderic_roman_lattice
D:2:      minmay_roachtagon, minitemple
D:3:      first_ration, uniq_jessica, uniq_terence

Skill      XL: |  1  2 |
---------------+-------+-----
Stealth        | 4 |  4.8
Fighting       | |  3.4
Long Blades    | |  3.7
Dodging        | |  2.7

Action                   |  1- 3 |  4- 6 || total
-------------------------+-------+-------++-------
Melee: Falchion          |   120 |     4 ||   124
       Dagger            |     6 |    38 ||    44
 Abil: Spit Poison       |     2 |     2 ||     4
 Stab: Sleeping          |    10 |       ||    10
       Distracted        |       |     1 ||     1
  Eat: Chunk             |     2 |       ||     2
Armor: Robe              |    18 |    14 ||    32
Dodge: Dodged            |    58 |    35 ||    93
       Rpst.: Falchion   |    19 |     1 ||    20

Table legend:
 A = Non-vault XP
 B = Vault XP
 C = Vault XP percentage of total XP
 D = Non-vault monster count
 E = Vault monster count
 F = Vault count percentage of total count
                 A         B        C        D         E       F
            +---------+---------+-------+---------+---------+-------
      Total |      89 |      18 |  16.8 |      45 |       9 |  16.7
            +---------+---------+-------+---------+---------+-------
        D:1 |      39 |       0 |   0.0 |      21 |       0 |   0.0
        D:2 |      42 |      18 |  30.0 |      20 |       9 |  31.0
        D:3 |       8 |       0 |   0.0 |       4 |       0 |   0.0
            +---------+---------+-------+---------+---------+-------
